 Dungeon Crawl Stone Soup version 0.30-a0-937-ga0a21ad780 (webtiles) character file.

Game seed: 12777931012680877290

6233 octoduck the Thaumaturge (level 11, 0/82 HPs)
             Began as a Djinni Ice Elementalist on Mar 25, 2023.
             Was an Initiate of the Shining One.
             Slain by a yak (11 damage)
             ... on level 8 of the Dungeon.
             The game lasted 00:28:43 (10052 turns).

octoduck the Thaumaturge (Djinni Ice Elementalist) Turns: 10052, Time: 00:28:44

Health: 0/82       AC:  3    Str:  9    XL:     11   Next: 14%
Gold:   540        EV: 15    Int: 24    God:    the Shining One [......] SH:  0 Dex: 15

rFire   + + .      SeeInvis .    C - +3 dagger
rCold   x . .      Faith    .    (no shield)
rNeg    . . .      Spirit   .    a - +0 robe
rPois   ∞          Reflect  .    y - +0 helmet
rElec   .          Rampage  .    (no cloak)
rCorr   .                        (no gloves)
Will    +....                    (boots unavailable)
Stlth   +                        (no amulet)
HPRegen 0.33/turn                H - +6 ring of intelligence
MPRegen 0.00/turn                (no ring)

@: flying, very slightly contaminated, glowing
A: sickness immunity, fire resistance 2, cold vulnerability 1, float, innate
caster, HP casting, extra vitality 1
a: Renounce Religion


You were on level 8 of the Dungeon.
You worshipped the Shining One.
The Shining One was noncommittal.
You visited 3 branches of the dungeon, and saw 11 of its levels.

You collected 540 gold pieces.

Inventory:

Hand Weapons
 h - a +1 dagger of protection
 A - a +0 falchion
 C - a +3 dagger (weapon)
 K - a +2 short sword of venom
Missiles
 g - a throwing net
 G - 3 boomerangs of dispersal
Armour
 a - a +0 robe (worn)
 c - a +0 cloak
 d - a +2 scale mail of fire resistance
 t - a +0 ring mail
 y - a +0 helmet (worn)
 B - a +0 kite shield
Jewellery
 H - a +6 ring of intelligence (left hand)
Wands
 m - a wand of flame (23)
 r - a wand of iceblast (14)
Scrolls
 e - 5 scrolls of enchant weapon
 f - a scroll of silence {unknown}
 i - a scroll of fear {unknown}
 j - 2 scrolls of enchant armour
 k - 6 scrolls of teleportation
 l - 2 scrolls of magic mapping
 n - 2 scrolls of fog
 p - 2 scrolls of poison
 u - 4 scrolls of immolation
 v - 3 scrolls of blinking {unknown}
 E - a scroll of amnesia {unknown}
 L - a scroll of vulnerability {unknown}
Potions
 b - 2 potions of ambrosia
 o - a potion of cancellation {unknown}
 q - a potion of resistance {unknown}
 s - a potion of heal wounds {unknown}
 w - 2 potions of curing
 x - 2 potions of mutation {unknown}
 z - 2 potions of haste
 D - 4 potions of attraction {unknown}
 F - 2 potions of brilliance {unknown}
 I - a potion of flight {unknown}
 J - a potion of lignification {unknown}


   Skills:
 - Level 8.7 Fighting
 + Level 7.2 Dodging
 - Level 1.5 Stealth
 + Level 10.0 Spellcasting


You knew the following spells:

 Your Spells              Type           Power      Damage    Failure   Level
a - Freeze                Ice            100%       1d10      1%          1
b - Foxfire               Conj/Fire      100%       2x1d9     1%          1
c - Ozocubu's Armour      Ice            56%        N/A       1%          3
d - Summon Ice Beast      Ice/Summ       56%        N/A       1%          4
e - Frozen Ramparts       Ice            100%       1d16      1%          3
f - Momentum Strike       Conj/Tloc      100%       3d10      1%          2
g - Portal Projectile     Hex/Tloc       100%       N/A       1%          3
h - Petrify               Tmut/Erth      56%        N/A       1%          4
i - Plasma Beam           Fire/Air       28%        2x1d44    2%          5
Your spell library was empty.

Dungeon Overview and Level Annotations

Branches:
Dungeon (9/15)             Temple (1/1) D:7            Lair (1/5) D:8
    Orc: D:9-12

Altars:
Ashenzari
Cheibriados
Dithmenos
Elyvilon
Fedhas
Gozag
Hepliaklqana
Nemelex Xobeh
Qazlal
Ru
Trog
Uskayaw
Wu Jian
Xom
Yredelemnul
The Shining One

Shops:
D:1 *   D:3 (

Portals:
Ice
Cave: Lair:1

Annotations:
D:3 1 runed translucent door, elongatedgoose's ghost, amateur HOFi


Innate Abilities, Weirdness & Mutations

You are immune to sickness and miasma.
You are immune to poison.
Your flesh is very heat resistant. (rF++)
You are vulnerable to cold. (rC-)
You float through the air rather than walking.
You learn spells naturally, not from books.
Your magical power is your life essence.
You have superior vitality. (+4 MHP)


Message History

Your Spellcasting skill increases to level 10!
You are no longer robbed of momentum.
The yak bellows!
The wall freezes the yak.
The wall freezes the yak!
The frozen ramparts melt away.
The yak gores you but does no damage.
Casting: Plasma Beam (dangerous; 2% risk of failure)
Confirm with . or Enter, or press ? or * to list all spells.
Nothing appears to happen.
The yak closely misses you.
Casting: Summon Ice Beast (mildly dangerous; 1% risk of failure)
Confirm with . or Enter, or press ? or * to list all spells.
Nothing appears to happen.
The yak gores you!
* * * LOW HITPOINT WARNING * * *
Your icy armour will break if you move.
Continue?
The yak gores you.
* * * LOW HITPOINT WARNING * * *
You fly upwards.
Your icy armour cracks and falls away as you move.
There is a stone staircase leading down here.
Casting: Summon Ice Beast (mildly dangerous; 1% risk of failure)
Confirm with . or Enter, or press ? or * to list all spells.
Casting: Plasma Beam (dangerous; 2% risk of failure)
Press: ? - help, Dir - look around, f - activate You miscast Plasma Beam.
You are very lightly contaminated with residual magic.
Nothing appears to happen.
* * * LOW HITPOINT WARNING * * *
The yak gores you!
* * * LOW HITPOINT WARNING * * *
Okay, then.
You feel better. The yak gores you but does no damage.
Casting: Plasma Beam (dangerous; 2% risk of failure)
Confirm with . or Enter, or press ? or * to list all spells.
Aiming: Freeze (safe; 1% risk of failure)
Press: ? - help, Shift-Dir - straight line, f - yak
Aim: a yak (almost dead, haloed)
You freeze the yak.
The yak is almost dead.
* * * LOW HITPOINT WARNING * * *
The yak gores you!
You die...

.# #.....##
#.###............. .#
###...# ##.#
##............ .##
##### #..#
###.......... ..#
##..# ######..### ###
#..## #..# # ##..#
##.##
#############...##
#.##
................Y###
#.#
.....###########@..###
##.# .##### ###...###
#.## ..# ###...###.#
#.# ####.#### ### ###


You could see a yak.

Vanquished Creatures
  A two-headed ogre (D:9)
  Pikel (D:7)
  Maurice (D:8)
  2 trolls (D:9)
  Grinder (D:4)
  Sigmund (D:3)
  5 yaks
  A steam dragon (D:7)
  A water moccasin (D:5)
  2 orc warriors
  3 black bears
  2 ogres
  2 centaurs
  A phantom (D:4)
  Blork the orc (D:5)
  4 bullfrogs
  3 scorpions
  5 killer bees
  A howler monkey (D:4)
  3 orc priests
  A sleepcap (D:7)
  A hound (D:6)
  Ijyb (D:4)
  3 iguanas
  6 orc wizards
  4 gnolls (D:5)
  8 adders
  2 shadow imps
  2 white imps (D:5)
  An ufetubus (D:3)
  3 worms
  A dart slug (D:2)
  16 orcs
  8 bats
  5 endoplasms
  2 giant cockroaches
  2 goblins
  4 hobgoblins
  2 quokkas
  3 ball pythons
  A frilled lizard (D:1)
  19 kobolds
  10 rats
146 creatures vanquished.

Vanquished Creatures (collateral kills)
  A komodo dragon (D:8)
  2 ice beasts (D:6)
  2 orc warriors
  A kobold brigand (D:9)
  2 bullfrogs (D:7)
  A killer bee (D:8)
  A hound (D:7)
  2 orcs (D:7)
12 creatures vanquished.

Vanquished Creatures (others)
  A white imp (D:7)
  215 foxfires
  2 plants (D:8)
218 creatures vanquished.

Grand Total: 376 creatures vanquished

Notes
Turn   | Place    | Note
-------+----------+-------------------------------------------
     0 | D:1      | octoduck the Djinni Ice Elementalist began the quest for
                  | the Orb.
     0 | D:1      | octoduck set off with the following spells memorised:
                  | Freeze, Frozen Ramparts, Ozocubu's Armour, Summon Ice
                  | Beast.
     0 | D:1      | Reached XP level 1. HP: 15/15 MP: 0/0
   284 | D:1      | Reached skill level 1 in Fighting
   284 | D:1      | Reached XP level 2. HP: 22/22 MP: 0/0
   902 | D:1      | Found Vydomal's Assorted Antiques.
   925 | D:1      | Found a faded altar of an unknown god.
  1135 | D:2      | Reached XP level 3. HP: 26/27 MP: 0/0
  1135 | D:2      | Learned a level 1 spell: Foxfire
  1672 | D:2      | Reached XP level 4. HP: 24/33 MP: 0/0
  1933 | D:3      | Noticed Sigmund
  1943 | D:3      | Killed Sigmund
  1944 | D:3      | Reached skill level 4 in Spellcasting
  1944 | D:3      | Reached XP level 5. HP: 31/41 MP: 0/0
  1944 | D:3      | Learned a level 2 spell: Momentum Strike
  1944 | D:3      | Reached XP level 6. HP: 35/47 MP: 0/0
  2363 | D:3      | Found a runed translucent door.
  2365 | D:3      | Noticed elongatedgoose's ghost (amateur HOFi)
  2514 | D:3      | Found Biwamper's Antique Weapon Shoppe.
  2882 | D:4      | Noticed a black bear
  2888 | D:4      | Killed a black bear
  2889 | D:4      | Reached XP level 7. HP: 44/53 MP: 0/0
  2889 | D:4      | Learned a level 3 spell: Portal Projectile
  3031 | D:4      | Reached skill level 5 in Spellcasting
  3147 | D:4      | Reached skill level 5 in Fighting
  3284 | D:4      | Noticed Ijyb
  3719 | D:4      | Noticed Grinder
  3848 | D:4      | Killed Ijyb
  3857 | D:4      | Reached XP level 8. HP: 29/60 MP: 0/0
  4340 | D:4      | Killed Grinder
  4341 | D:4      | Reached skill level 6 in Spellcasting
  4524 | D:5      | Entered Level 5 of the Dungeon
  5257 | D:5      | Noticed Blork the orc
  5273 | D:5      | Killed Blork the orc
  5521 | D:5      | Reached XP level 9. HP: 56/68 MP: 0/0
  5521 | D:5      | Learned a level 4 spell: Petrify
  5795 | D:6      | Reached skill level 7 in Spellcasting
  6082 | D:6      | Found a bloodstained altar of Trog.
  6087 | D:6      | Found an ornate altar of the Wu Jian Council.
  6527 | D:6      | Identified the +4 chain mail "Zouddodi" {-Cast Rampage rC+
                  | Regen+}
  6797 | D:6      | Found a sacrificial altar of Ru.
  6797 | D:6      | Found a hide-covered altar of Uskayaw.
  7327 | D:7      | Noticed Pikel
  7336 | D:7      | Killed Pikel
  7337 | D:7      | Reached skill level 8 in Spellcasting
  7675 | D:7      | Found a staircase to the Ecumenical Temple.
  7692 | D:7      | Reached XP level 10. HP: 54/77 MP: 0/0
  7711 | D:7      | You are sucked into a shaft and drop 2 floors!
  7783 | Temple   | Entered the Ecumenical Temple
  7792 | Temple   | Became a worshipper of the Shining One
  8630 | D:8      | Noticed Maurice
  8642 | D:8      | Killed Maurice
  8643 | D:8      | Reached skill level 9 in Spellcasting
  8941 | D:8      | Found a hazy altar of Hepliaklqana.
  9255 | D:8      | Found a staircase to the Lair.
  9256 | D:8      | Noticed a komodo dragon
  9270 | D:8      | Killed a komodo dragon
  9375 | Lair:1   | Entered Level 1 of the Lair of Beasts
  9375 | Lair:1   | Noticed a rime drake
  9375 | Lair:1   | Noticed a rime drake
  9375 | Lair:1   | Found a frozen archway.
  9434 | D:9      | Noticed a two-headed ogre
  9443 | D:9      | Reached skill level 5 in Dodging
  9453 | D:9      | Killed a two-headed ogre
  9857 | D:9      | Reached XP level 11. HP: 55/82 MP: 0/0
  9857 | D:9      | Learned a level 5 spell: Plasma Beam
 10042 | D:9      | Reached skill level 10 in Spellcasting
 10050 | D:8      | HP: 2/82 [yak (11)]
 10052 | D:8      | Slain by a yak

Illustrated notes

Levels and vault maps discovered:
D:1:      wander_arrival_chamber, layout_basic, serial_shops,
          nicolae_lakefront_shop, dilly_ecumenical_altar_fadedgnrine,
          chequers_serial_rivers_micro_c, minivault_19, hex_medium,
          chequers_serial_rivers_small_3, minmay_misc_feat_more_columns
D:2:      layout_rooms, kennysheep_generic_room_6
D:3:      layout_basic, serial_shops, shop, ebering_ghost_sewer_d, uniq_sigmund
D:4:      layout_loops_ring, kennysheep_cross_room, minmay_bent, uniq_grinder,
          uniq_ijyb
D:5:      minmay_general_purpose_star, layout_cave_pods, uniq_blork_the_orc
D:6:      layout_basic, gammafunk_temple_overflow_statue,
          minmay_overflow_temple_star_quad
D:7:      layout_rooms, minmay_temple_entry_large_hall, uniq_pikel
D:8:      layout_cave_pods, marbit_many_paths, david_lair_shrubbed,
          serial_glass, glass_columns_a, glass_columns_a,
          palyth_stone_intersect, uniq_maurice
D:9:      layout_basic, serial_shops, shop, minivault_7
Temple:   compressed_dpeg_triangle_lava_temple
Lair:1:   layout_roguey, portal_ice_cave_rime, uniq_erica

Skill      XL: |  1  2  3  4  5  6  7  8  9 10 11 |
---------------+----------------------------------+-----
Fighting       | 1 2 3 4 5 7 8 |  8.7
Spellcasting   | 4 5 6 8 9 10 | 10.0
Dodging        | 6 7 |  7.2
Stealth        | |  1.5

Action                     |  1- 3 |  4- 6 |  7- 9 | 10-12 || total
---------------------------+-------+-------+-------+-------++-------
  Melee: Unarmed           |     4 |       |       |       ||     4
         Dagger            |     1 |       |    32 |    18 ||    51
   Cast: Freeze            |    60 |    12 |    18 |    10 ||   100
         Foxfire           |       |    20 |    83 |    29 ||   132
         Momentum Strike   |       |     5 |    17 |     9 ||    31
         Frozen Ramparts   |       |     3 |    21 |    18 ||    42
         Ozocubu's Armour  |       |     3 |    21 |    17 ||    41
         Summon Ice Beast  |       |       |     5 |    13 ||    18
         Petrify           |       |       |     1 |     1 ||     2
         Plasma Beam       |       |       |       |     6 ||     6
  Evoke: Wand              |       |       |     2 |       ||     2
    Use: Scroll            |     3 |       |     8 |     2 ||    13
         Potion            |       |       |       |     2 ||     2
   Stab: Petrified         |       |       |    12 |       ||    12
 Armour: Robe              |     5 |     3 |    25 |    22 ||    55
  Dodge: Dodged            |    25 |     2 |    53 |    35 ||   115

Table legend: (Time is in decaauts)
 A = Elapsed time spent in this place.
 B = Non-inter-level travel time spent in this place.
 C = Inter-level travel time spent in this place.
 D = Time resting spent in this place.
 E = Time spent auto-exploring this place.
 F = Levels seen in this place.
 G = Mean time per level.
                   A        B        C        D        E       F      G
               +--------+--------+--------+--------+--------+-----+--------+
         Total |  10057 |   8974 |   1083 |   1990 |   5423 |  11 |  914.3 |
       Dungeon |  10039 |   8961 |   1078 |   1990 |   5423 |   9 | 1115.4 |
        Temple |     15 |     10 |      5 |      0 |      0 |   1 |   15.0 |
          Lair |      1 |      1 |      0 |      0 |      0 |   1 |    1.0 |
               +--------+--------+--------+--------+--------+-----+--------+

Top non-repeatable levels by time:
     D:4: 1443 daAuts
     D:3: 1435 daAuts
     D:8: 1415 daAuts
     D:5: 1318 daAuts
     D:6: 1251 daAuts
     D:1: 1131 daAuts
     D:7: 913 daAuts
     D:2: 722 daAuts
     D:9: 408 daAuts
  Temple: 15 daAuts
  Lair:1: 1 daAuts
